 Dungeon Crawl Stone Soup version 0.28-a0-194-g42b4daccc1 (webtiles) character file.

Game seed: 13191547160016861087

135 thedisplayname the Sneak (level 5, -2/31 HPs)
             Began as an Octopode Enchanter on Aug 18, 2021.
             Slain by an orc (7 damage)
             ... on level 3 of the Dungeon.
             The game lasted 00:07:51 (3077 turns).

thedisplayname the Sneak (Octopode Enchanter)       Turns: 3077, Time: 00:07:52

Health: -2/31      AC:  1    Str:  8    XL:     5   Next: 18%
Magic:  8/8        EV: 13    Int: 17    God:
Gold:   33         SH:  0    Dex: 13    Spells: 3/8 levels left

rFire   . . .      SeeInvis .   a - +1 dagger
rCold   . . .      Faith    .   (no shield)
rNeg    + . .      Spirit   .   (helmet restricted)
rPois   .          Reflect  .   (no amulet)
rElec   .          Harm     .   h - ring of positive energy
rCorr   .          Rampage  .   (no ring)
Will    .....                   (no ring)
Stlth   ++++......              (no ring)
HPRegen 0.10/turn               (no ring)
MPRegen 0.11/turn               (no ring)
                                (no ring)
                                (no ring)

@: very slightly contaminated, invisible
A: almost no armour, amphibious, 8 rings, camouflage 1, gelatinous body 1,
(nimble swimmer 1), tentacles, mutation resistance 1
a: no special abilities


You were on level 3 of the Dungeon.
You visited 1 branch of the dungeon, and saw 3 of its levels.

You collected 59 gold pieces.
You spent 26 gold pieces at shops.

Inventory:

Hand Weapons
 a - a +1 dagger (weapon)
Jewellery
 h - a ring of positive energy (left tentacle)
Scrolls
 c - a scroll of magic mapping
 d - a scroll of identify
 g - a scroll of noise
Potions
 e - a potion of attraction


   Skills:
 * Level 3.1 Short Blades
 + Level 2.9 Dodging
 + Level 5.0 Stealth
 - Level 2.0 Spellcasting
 + Level 3.6 Hexes


You had 3 spell levels left.
You knew the following spells:

 Your Spells              Type           Power      Damage    Failure   Level
a - Tukima's Dance        Hex            14%        N/A       13%         3
b - Ensorcelled Hibernat  Hex/Ice        14%        N/A       14%         2

Your spell library contained the following spells:

 Spells                   Type           Power      Damage    Failure   Level
 Confusing Touch          Hex            14%        N/A       13%         3
 Dazzling Flash           Conj/Hex       14%        N/A       28%         3


Dungeon Overview and Level Annotations

Branches:
Dungeon (3/15)

Altars:

Shops:
D:1 !   D:2 ?


Innate Abilities, Weirdness & Mutations

You cannot wear most types of armour.
You are amphibious.
You can wear up to eight rings at the same time.
Your skin changes colour to match your surroundings (Stealth+).
Your rubbery body absorbs attacks. (AC +1, EV +1)
((You are camouflaged near water. (Stealth+)))
You have tentacles for arms and can constrict up to eight enemies at once.
You are somewhat resistant to further mutation.


Message History

Your Stealth skill increases to level 5!
You have reached level 5!
You feel agile.
You start resting.
HP restored.
Things that are here:
a +0 ring mail; a +0 mace
Things that are here:
a +0 dagger; a +0 robe
Found 27 arrows and a dagger.
You see here 27 arrows. 4 orcs and an orc priest come into view.
The orc shouts! x3
The orc shouts!
You hit the orc. Your grab misses the orc. You squeeze the orc.
You kill the orc!
The orc priest begins to cast a cantrip, but forgets the words!
Things that are here:
a +0 short sword; an orc corpse You barely miss the orc.
Your grab misses the orc. The orc hits you with a +0 club.
You hit the orc. Your grab misses the orc.
The orc is heavily wounded.
The orc misses you. The orc hits you with a +0 mace.
You barely miss the orc. Your grab misses the orc. Your squeeze misses the orc.
The orc is heavily wounded.
The orc hits you with a +0 club.
You are too injured to fight recklessly!
You fade into invisibility!
The orc misses you. The orc closely misses you. The orc barely misses you.
You are very lightly contaminated with residual magic.
You barely miss the orc priest. You grab the orc priest.
You constrict the orc priest.
The orc priest hits you with a +0 short sword.
The orc hits you with a +0 mace.
* * * LOW HITPOINT WARNING * * *
You release your grip on the orc priest.
The orc closely misses you. The orc hits you with a +0 mace!
You die...

#.# # #.#
#.#
#####.#
##.....#
##.o#####
##.o)#
##..oo#
#...@.#
#......#
.#.......#
.#######.#
..# ..# .#
##


You could see an orc priest and 3 orcs.

Vanquished Creatures
  An orc priest (D:3)
  An orc wizard (D:3)
  2 adders (D:2)
  A worm (D:2)
  A dart slug (D:2)
  4 orcs
  4 ball pythons
  6 endoplasms
  6 giant cockroaches
  2 goblins
  4 hobgoblins
  4 jackals (D:2)
  A quokka (D:1)
  4 bats (D:1)
  4 frilled lizards
  3 kobolds
  4 rats
52 creatures vanquished.

Notes
Turn   | Place    | Note
-------+----------+-------------------------------------------
     0 | D:1      | thedisplayname the Octopode Enchanter began the quest for
                  | the Orb.
     0 | D:1      | Reached XP level 1. HP: 11/11 MP: 3/3
     2 | D:1      | Noticed a troll
     4 | D:1      | Noticed a human
     4 | D:1      | Noticed a naga
     6 | D:1      | Noticed a merfolk
     6 | D:1      | Noticed a vampire
     8 | D:1      | Noticed a draconian
     8 | D:1      | Noticed a demigod
    10 | D:1      | Noticed a barachi
    10 | D:1      | Noticed a formicid
    12 | D:1      | Noticed an octopode
    12 | D:1      | Noticed an elf
    14 | D:1      | Noticed a spriggan
    14 | D:1      | Noticed a palentonga
    17 | D:1      | Noticed a gargoyle
    17 | D:1      | Noticed a vine stalker
    19 | D:1      | Noticed a demonspawn
    19 | D:1      | Noticed a minotaur
    21 | D:1      | Noticed a dwarf
    21 | D:1      | Noticed a djinni
    23 | D:1      | Noticed a felid
    25 | D:1      | Noticed a ghoul
    27 | D:1      | Noticed an ogre
    27 | D:1      | Noticed a tengu
   103 | D:1      | Found Uczor's Distillery.
   177 | D:1      | Reached XP level 2. HP: 17/17 MP: 5/5
   720 | D:1      | Found a faded altar of an unknown god.
   748 | D:1      | Reached XP level 3. HP: 21/21 MP: 6/6
   845 | D:1      | Gained mutation: Your mind is acute. (Int +2) [potion of
                  | mutation]
   845 | D:1      | Gained mutation: One of your tentacles bears a spike.
                  | [potion of mutation]
   847 | D:1      | Lost mutation: One of your tentacles bears a spike. [potion
                  | of mutation]
   847 | D:1      | Lost mutation: Your mind is acute. (Int +2) [potion of
                  | mutation]
   847 | D:1      | Gained mutation: You are somewhat resistant to further
                  | mutation. [potion of mutation]
   884 | D:2      | Learned a level 3 spell: Tukima's Dance
   887 | D:2      | Learned a level 2 spell: Ensorcelled Hibernation
   990 | D:2      | Found Jotopt's Magic Scroll Emporium.
  1005 | D:2      | Bought a scroll of identify for 26 gold pieces
  1635 | D:2      | Reached XP level 4. HP: 17/27 MP: 7/7
  2796 | D:3      | Reached skill level 5 in Stealth
  2796 | D:3      | Reached XP level 5. HP: 11/31 MP: 8/8
  3077 | D:3      | Slain by an orc

Illustrated notes

Levels and vault maps discovered:
D:1:      kb_arrival_jail, layout_basic, serial_shops, shop,
          dreamdust_ecumenical_altar_hidden_monk_grotto
D:2:      layout_loops_corners, serial_shops, shop_fountains,
          minmay_misc_feat_more_columns, minmay_fractal_squares_gapless_5
D:3:      layout_basic, nicolae_ashenzari_panopticon,
          mainiacjoe_overflow_big_doors

Skill      XL: |  1  2  3  4 |
---------------+-------------+-----
Short Blades   | 2 3 |  3.1
Stealth        | 5 |  5.0
Dodging        | |  2.9
Spellcasting   | |  2.0
Hexes          | |  3.6

Action                   |  1- 3 |  4- 6 || total
-------------------------+-------+-------++-------
Melee: Dagger            |    71 |    41 ||   112
       Constrict         |    18 |     9 ||    27
       Tentacles         |     9 |     8 ||    17
 Cast: Ensorcelled Hiber |       |     1 ||     1
  Use: Scroll            |     3 |     3 ||     6
       Potion            |     3 |     3 ||     6
 Stab: Sleeping          |    17 |     5 ||    22
Armor: Skin              |     6 |     1 ||     7
Dodge: Dodged            |    36 |    36 ||    72

Table legend: (Time is in decaauts)
 A = Elapsed time spent in this place.
 B = Non-inter-level travel time spent in this place.
 C = Inter-level travel time spent in this place.
 D = Time resting spent in this place.
 E = Time spent auto-exploring this place.
 F = Levels seen in this place.
 G = Mean time per level.
                   A        B        C        D        E       F      G
               +--------+--------+--------+--------+--------+-----+--------+
         Total |   3066 |   3055 |     11 |   1243 |   1452 |   3 | 1022.0 |
       Dungeon |   3066 |   3055 |     11 |   1243 |   1452 |   3 | 1022.0 |
               +--------+--------+--------+--------+--------+-----+--------+

Top non-repeatable levels by time:
     D:2: 1875 daAuts
     D:1: 874 daAuts
     D:3: 316 daAuts
